 Dungeon Crawl Stone Soup version 0.32-a0-656-g3542139ebd (webtiles) character file.

Game seed: 8359849976979654873

8897 Fodor the Protected (level 11, -8/97 HPs)
             Began as a Minotaur Fighter on Mar 9, 2024.
             Was an Initiate of Gozag.
             Mangled by a five-headed hydra (9 damage)
             ... on level 10 of the Dungeon.
             The game lasted 00:28:47 (8800 turns).

Fodor the Protected (Minotaur Fighter)              Turns: 8800, Time: 00:28:48

Health: -8/97      AC: 19    Str: 26    XL:     11   Next: 15%
Magic:  10/10      EV: 18    Int:  5    God:    Gozag
Gold:   1386       SH:  0    Dex:  9    Spells: 10/10 levels left

rFire   . . .        a - +3 battleaxe
rCold   . . .        (shield currently unavailable)
rNeg    . . .        I - +0 plate armour
rPois   .            (helmet restricted)
rElec   .            y - +2 cloak
rCorr   .            (no gloves)
SInv    .            m - +0 pair of boots
Will    .....        (no amulet) Stlth
                     n - +5 ring of evasion
HPRegen 0.36/turn    p - +5 ring of evasion
MPRegen 0.12/turn

%: no passive effects
@: about to teleport, studying Armour
A: horns 2, retaliatory headbutt
a: Renounce Religion, Potion Petition, Call Merchant, Bribe Branch


You were on level 10 of the Dungeon.
You worshipped Gozag.
Gozag was most pleased with you.
You visited 2 branches of the dungeon, and saw 11 of its levels.

You collected 1496 gold pieces.
You spent 78 gold pieces at shops.
You paid 32 gold pieces to Gozag.

Inventory:

Hand Weapons
 a - a +3 battleaxe (weapon)
 j - a +0 shortbow
 x - a +2 quarterstaff of chaos
Missiles
 C - 3 boomerangs (quivered)
Armour
 m - a +0 pair of boots (worn)
 y - a +2 cloak (worn)
 I - a +0 plate armour (worn)
Jewellery
 n - a +5 ring of evasion (left hand)
 p - a +5 ring of evasion (right hand)
 H - a ring of poison resistance
Talismans
 s - a granite talisman
 t - a blade talisman
Wands
 i - a wand of flame (40)
 A - a wand of iceblast (3)
 B - a wand of acid (12)
 G - a wand of mindburst (9)
Scrolls
 g - a scroll of fog
 h - 3 scrolls of teleportation
 k - 4 scrolls of noise
 u - 3 scrolls of immolation
 v - 2 scrolls of amnesia
 w - a scroll of revelation {unknown}
 F - a scroll of fear {unknown}
Potions
 d - 3 potions of might
 e - 8 potions of curing
 f - 2 potions of magic
 l - 3 potions of enlightenment {unknown}
 o - 3 potions of haste {unknown}
 r - 2 potions of cancellation
 z - 2 potions of lignification {unknown}
 D - a potion of ambrosia {unknown}
 E - a potion of brilliance {unknown}


   Skills:
 + Level 9.0 Fighting
 + Level 10.2(11.2) Axes
 + Level 7.2(9.7) Maces & Flails
 + Level 9.2 Ranged Weapons
 + Level 10.5 Armour
 + Level 3.0 Dodging
 + Level 1.9 Stealth
 + Level 5.1 Shields


You had 10 spell levels left.
You didn't know any spells.
Your spell library contained the following spells:

 Spells                   Type           Power      Damage    Failure   Level
 Shock                    Conj/Air       0%         1d3       99%         1
 Mercury Vapours          Alch/Air       0%         N/A       100%        2
 Call Canine Familiar     Summ           0%         N/A       100%        3
 Gell's Gravitas          Tloc           0%         N/A       100%        3
 Hailstorm                Conj/Ice       0%         3d5       100%        3
 Mephitic Cloud           Conj/Alch/Air  0%         N/A       100%        3
 Sigil of Binding         Hex            0%         N/A       100%        3
 Summon Ice Beast         Ice/Summ       0%         N/A       100%        3
 Teleport Other           Tloc           0%         N/A       100%        3
 Airstrike                Air            0%         2d(0-16)  100%        4
 Dimensional Bullseye     Hex/Tloc       0%         N/A       100%        4
 Summon Blazeheart Golem  Fire/Summ      0%         N/A       100%        4
 Freezing Cloud           Conj/Ice/Air   0%         6-21      100%        5
 Silence                  Hex/Air        0%         N/A       100%        5
 Dispersal                Tloc           0%         N/A       100%        6
 Sculpt Simulacrum        Ice/Alch       0%         N/A       100%        6
 Orb of Destruction       Conj           0%         9d5       100%        7
 Spellforged Servitor     Conj/Summ      0%         N/A       100%        7
 Borgnjor's Revivificati  Necr           0%         N/A       100%        8


Dungeon Overview and Level Annotations

Branches:
Dungeon (10/15)            Temple (1/1) D:4            Lair (0/5) D:10
    Orc: D:9-12

Altars:
Ashenzari
Cheibriados
Dithmenos
Elyvilon
Fedhas
Gozag
Hepliaklqana
Kikubaaqudgha
Makhleb
Nemelex Xobeh
Okawaru
Qazlal
Ru
Sif Muna
Trog
Uskayaw
Vehumet
Wu Jian
Xom
Yredelemnul
Zin
The Shining One

Shops:
D:4 !


Innate Abilities, Weirdness & Mutations

You have a pair of horns on your head.
You reflexively headbutt those who attack you in melee.


Message History

As you read the scroll labelled MISYL IGHOILI, it crumbles to dust.
Your body is wracked with pain!
The five-headed hydra convulses!
It was a scroll of torment.
A troll comes into view.
The troll shouts!
You hit the troll.
The troll is lightly wounded.
The troll bites you but does no damage. The troll misses you.
The troll claws you!
You slash the troll! Your headbutt misses the troll.
The troll is moderately wounded.
The troll bites you! The troll claws you.
The troll claws you but does no damage.
You barely miss the troll. You headbutt the troll!
The troll is severely wounded.
The troll bites you. The troll barely misses you. The troll closely misses you.
The five-headed hydra bites you but does no damage.
The five-headed hydra completely misses you.
The five-headed hydra barely misses you. x2
The five-headed hydra completely misses you.
Okay, then.
As you read the scroll of teleportation, it crumbles to dust.
You feel strangely unstable. The troll bites you.
* * * LOW HITPOINT WARNING * * *
The troll claws you but does no damage. The troll closely misses you.
The five-headed hydra misses you. x3
The five-headed hydra bites you but does no damage. x2
You closely miss the troll.
The troll is severely wounded.
You barely miss the five-headed hydra. The troll bites you but does no damage.
The troll closely misses you. The troll misses you.
The five-headed hydra bites you!
* * * LOW HITPOINT WARNING * * *
The five-headed hydra bites you!
* * * LOW HITPOINT WARNING * * *
The five-headed hydra bites you!
* * * LOW HITPOINT WARNING * * *
The five-headed hydra bites you!
You die...
Your body crumbles into a pile of gold.

.........#...#.......#######.....
.........#...#...................
.........#...#...................
.........#...#...................
.........#####...................
.................................
...########......................
...#......#.....########.........
...#......#....T@D.....#######...
...##.....#....)#.#..#.'.....#...
....#.....#.....#..##..#)#.#.#...
....#.....#)....#..##..#)(#..#...
..>.#.....'.....#.#..#.#.#.#.#...
....#######.....#......#.....#..#
##..............###########'##..#
#..............#..'D..#....#...#
#..............#..#.#.#.##.#...#


You could see a five-headed hydra and a troll.

Vanquished Creatures
  A two-headed ogre (D:8)
  Pikel (D:7)
  Maggie (D:6)
  A rime drake (shapeshifter) (D:10)
  A komodo dragon (D:10)
  3 trolls (D:10)
  Prince Ribbit (D:6)
  Grinder (D:6)
  A wraith (D:10)
  A shadow (D:9)
  11 yaks
  A wyvern (D:10)
  Menkaure (D:6)
  A steam dragon (D:7)
  An acid dragon (D:10)
  2 water moccasins
  3 ice beasts
  A sky beast (D:7)
  5 orc warriors
  2 black bears
  2 ogres
  5 centaurs
  2 phantoms
  A kobold brigand (D:10)
  A bullfrog (D:7)
  3 scorpions
  13 wights
  4 bombardier beetles
  2 howler monkeys
  2 hounds
  4 orc priests
  Crazy Yiuf (D:5)
  2 iguanas
  6 orc wizards
  A statue (D:5)
  6 adders
  A white imp (D:8)
  2 ufetubi (D:6)
  2 ribbon worms
  3 dart slugs
  21 orcs
  6 ball pythons
  7 endoplasms
  4 giant cockroaches
  5 goblins
  6 hobgoblins
  2 jackals (D:5)
  4 quokkas
  8 bats
  4 frilled lizards
  6 kobolds
  9 rats
185 creatures vanquished.

Notes
Turn   | Place    | Note
-------+----------+-------------------------------------------
     0 | D:1      | Fodor the Minotaur Fighter began the quest for the Orb.
     0 | D:1      | Reached XP level 1. HP: 19/19 MP: 0/0
   166 | D:1      | Reached XP level 2. HP: 27/27 MP: 1/1
   549 | D:1      | Found a faded altar of an unknown god.
   675 | D:1      | Reached XP level 3. HP: 31/33 MP: 2/2
   877 | D:2      | Identified the +0 helmet of Gestures {Harm}
  1065 | D:2      | Reached skill level 1 in Ranged Weapons
  1536 | D:3      | Reached XP level 4. HP: 40/40 MP: 3/3
  1786 | D:4      | Found Acauv's Distillery.
  1833 | D:4      | Noticed a scorpion
  1839 | D:4      | Reached XP level 5. HP: 46/46 MP: 4/4
  1980 | D:4      | Got Fasitar's Volume of the Necrotic Cumulonimbus
  2005 | D:4      | Found a staircase to the Ecumenical Temple.
  2013 | Temple   | Entered the Ecumenical Temple
  2073 | Temple   | Became a worshipper of Gozag Ym Sagoz the Greedy
  2315 | D:4      | Bought a potion of heal wounds for 65 gold pieces
  2315 | D:4      | Bought a potion of degeneration for 13 gold pieces
  2326 | D:5      | Entered Level 5 of the Dungeon
  2351 | D:5      | Reached XP level 6. HP: 41/53 MP: 5/5
  2742 | D:5      | Reached skill level 5 in Ranged Weapons
  2910 | D:5      | Reached skill level 1 in Dodging
  3012 | D:5      | Reached skill level 5 in Armour
  3012 | D:5      | Reached XP level 7. HP: 43/60 MP: 6/6
  3101 | D:5      | Found a radiant altar of Vehumet.
  3205 | D:5      | Reached skill level 5 in Fighting
  3514 | D:5      | Found a runed translucent door.
  3515 | D:5      | Noticed Crazy Yiuf
  3525 | D:5      | Killed Crazy Yiuf
  3667 | D:6      | Reached XP level 8. HP: 57/68 MP: 7/7
  3675 | D:6      | Reached skill level 5 in Axes
  4128 | D:6      | Noticed Maggie
  4145 | D:6      | Killed Maggie
  4420 | D:6      | Noticed Prince Ribbit
  4420 | D:6      | Noticed Menkaure
  4427 | D:6      | Killed Menkaure
  4428 | D:6      | Reached skill level 1 in Maces & Flails
  4428 | D:6      | Reached skill level 5 in Shields
  4438 | D:6      | Killed Prince Ribbit
  4439 | D:6      | Reached skill level 1 in Stealth
  4439 | D:6      | Reached XP level 9. HP: 32/75 MP: 8/8
  4714 | D:6      | Noticed Grinder
  4715 | D:6      | Paralysed by Grinder for 4 turns
  4723 | D:6      | Killed Grinder
  5453 | D:7      | Found a blossoming altar of Fedhas.
  5559 | D:7      | Reached skill level 5 in Maces & Flails
  5610 | D:7      | Noticed Pikel
  5620 | D:7      | Killed Pikel
  5958 | D:7      | Reached XP level 10. HP: 86/86 MP: 9/9
  5977 | D:7      | You fall into a shaft and drop 3 floors!
  5977 | D:10     | Entered Level 10 of the Dungeon
  6056 | D:8      | Noticed a two-headed ogre
  6065 | D:8      | Killed a two-headed ogre
  6788 | D:8      | Found a transporter.
  6794 | D:8      | Found a transporter.
  6795 | D:8      | Found a transporter.
  6837 | D:8      | Found a transporter.
  8197 | D:10     | Reached skill level 10 in Armour
  8229 | D:10     | Found a staircase to the Lair.
  8462 | D:10     | Noticed a four-headed hydra
  8503 | D:10     | Reached XP level 11. HP: 78/95 MP: 10/10
  8510 | D:10     | Reached skill level 10 in Axes
  8800 | D:10     | HP: 1/97 [five-headed hydra (7)]
  8800 | D:10     | Mangled by a five-headed hydra

Illustrated notes

Levels and vault maps discovered:
D:1:      psy_arrival_heroes, layout_loops_cross,
          shapermc_ecumenical_altar_mp_urbaneastern
D:2:      layout_basic, item_on_display_a
D:3:      layout_rooms
D:4:      layout_basic, minmay_temple_entry_arrows, serial_shops,
          kennysheep_mini_moat
D:5:      black_bear_nest_2, layout_rooms, vehumet_statue,
          uniq_crazy_yiuf_cottage
D:6:      layout_loops_ring, uniq_grinder, uniq_menkaure, uniq_maggie,
          uniq_prince_ribbit1
D:7:      layout_basic, fedhas_bush_and_centaur_altar,
          mumra_transporter_accident, uniq_pikel
D:8:      layout_cave_pools, nicolae_transporter_circle
D:9:      layout_basic, st_stairs_1
D:10:     minmay_clustersquares, layout_irregular_city, lair_entry_dummy
Temple:   mainiacjoe_temple_cubbyholes

Skill      XL: |  1  2  3  4  5  6  7  8  9 10 11 |
---------------+----------------------------------+-----
Armour         | 4 5 6 7 10 | 10.5
Fighting       | 4 5 7 8 9 |  9.0
Shields        | 4 5 |  5.1
Axes           | 3 4 8 9 10 | 10.2
Ranged Weapons | 2 3 4 6 8 9 |  9.2
Dodging        | 1 2 3 |  3.0
Maces & Flails | 1 5 7 |  7.2
Stealth        | 1 |  1.9

Action                     |  1- 3 |  4- 6 |  7- 9 | 10-12 || total
---------------------------+-------+-------+-------+-------++-------
  Melee: War axe           |    32 |    34 |    83 |       ||   149
         Headbutt          |     2 |     4 |    29 |    34 ||    69
         Morningstar       |       |       |    97 |    53 ||   150
         Battleaxe         |       |       |       |    82 ||    82
   Fire: Sling             |   106 |   103 |       |       ||   209
         Shortbow          |       |       |    42 |    24 ||    66
         Orcbow            |       |       |     9 |       ||     9
    Use: Scroll            |       |     7 |     2 |     9 ||    18
         Potion            |       |       |     1 |     3 ||     4
   Stab: Distracted        |       |       |     1 |       ||     1
 Armour: Scale mail        |    35 |       |       |       ||    35
         Chain mail        |    24 |    60 |   128 |    89 ||   301
         Plate armour      |       |       |       |    53 ||    53
  Dodge: Dodged            |    52 |   120 |   200 |   202 ||   574
  Block: Buckler           |    24 |    29 |    13 |       ||    66

Table legend: (Time is in decaauts)
 A = Elapsed time spent in this place.
 B = Non-inter-level travel time spent in this place.
 C = Inter-level travel time spent in this place.
 D = Time resting spent in this place.
 E = Time spent auto-exploring this place.
 F = Levels seen in this place.
 G = Mean time per level.
                   A        B        C        D        E       F      G
               +--------+--------+--------+--------+--------+-----+--------+
         Total |   9014 |   8927 |     87 |   1415 |   5065 |  11 |  819.5 |
       Dungeon |   8916 |   8902 |     14 |   1415 |   5065 |  10 |  891.6 |
        Temple |     97 |     24 |     73 |      0 |      0 |   1 |   97.0 |
               +--------+--------+--------+--------+--------+-----+--------+

Top non-repeatable levels by time:
     D:5: 1370 daAuts
     D:7: 1312 daAuts
     D:6: 1261 daAuts
     D:8: 977 daAuts
    D:10: 948 daAuts
     D:1: 781 daAuts
     D:9: 703 daAuts
     D:2: 699 daAuts
     D:4: 543 daAuts
     D:3: 317 daAuts
  Temple: 97 daAuts
